 Dungeon Crawl Stone Soup version 0.19.5 (webtiles) character file.

118405 Peloso the Fencer (level 16, -10/151 HPs)
             Began as a Minotaur Fighter on Apr 29, 2017.
             Was the Champion of Okawaru.
             Killed from afar by a shock serpent (17 damage)
             ... with a bolt of electricity
             ... on level 1 of the Snake Pit.
             The game lasted 01:42:10 (32820 turns).

Peloso the Fencer (Minotaur Fighter)               Turns: 32820, Time: 01:42:11

Health: -10/151    AC: 31    Str: 31    XL:     16   Next: 25%
Magic:  16/16      EV: 13    Int: 13    God:    Okawaru [******]
Gold:   1131       SH:  9    Dex: 20    Spells: 0 memorised, 15 levels left

rFire  . . .     SeeInvis .     g - +4 demon blade (elec)
rCold  . . .     Gourm    .     D - +0 plate armour
rNeg   . . .     Faith    +     J - +0 buckler {AC+3}
rPois  +         Spirit   .     o - +2 hat {MR+}
rElec  .         Reflect  .     c - +0 cloak {rPois}
rCorr  .         Harm     .     j - +2 pair of gloves {Str+3}
MR     ++...                    a - +2 pair of boots
Stlth  ..........               e - amulet of faith
                                U - +6 ring of dexterity
                                T - ring "Hutoucez" {Str+4 Int+8 Slay+3}

@: no status effects
A: retaliatory headbutt, horns 2
a: Heroism, Finesse, Renounce Religion


You were on level 1 of the Snake Pit.
You worshipped Okawaru.
Okawaru was exalted by your worship.
You were hungry.

You visited 5 branches of the dungeon, and saw 25 of its levels.
You also visited: Ice Cave.

You collected 2911 gold pieces.
You spent 1780 gold pieces at shops.

Inventory:

Hand Weapons
 g - a +4 demon blade of electrocution (weapon)
 m - a +3 long sword of slicing
 u - a +1 long sword of flaming
 w - the +8 morningstar of Governance {flame, rC+ Str+2 Int+5 Stlth+}
   (Okawaru gifted it to you on level 12 of the Dungeon)

   It has been specially enchanted to burn those struck by it, causing extra
   injury to most foes and up to half again as much damage against particularly
   susceptible opponents.
   It affects your strength (+2).
   It affects your intelligence (+5).
   It protects you from cold.
   It makes you more stealthy.
 E - a +0 demon blade of electrocution
Armour
 a - a +2 pair of boots (worn)
 c - a +0 cloak of poison resistance (worn)
 h - the +0 troll leather armour "Deop" {rN+ Regen+ SInv}
   (Okawaru gifted it to you on level 1 of the Orcish Mines)

   It protects you from negative energy.
   It lets you see invisible.
   It increases your rate of regeneration.
 j - a +2 pair of gloves of strength (worn)
 o - a +2 hat of magic resistance (worn)
 r - a +2 shield
 t - a +2 cloak of magic resistance
 D - a +0 plate armour (worn)
 J - a +0 buckler of protection (worn)
Jewellery
 e - an amulet of faith (around neck)
 C - an uncursed ring of poison resistance
 L - an uncursed ring of protection from fire
 T - the ring "Hutoucez" (left hand) {Str+4 Int+8 Slay+3}
   (You bought it in a shop on level 13 of the Dungeon)

   [ring of strength]

   It affects your strength (+4).
   It affects your intelligence (+8).
   It affects your accuracy and damage with ranged weapons and melee attacks
   (+3).
 U - a +6 ring of dexterity (right hand)
Wands
 b - a wand of iceblast (0/15)
 k - a wand of heal wounds (5/9)
 z - a wand of disintegration (7/24)
Scrolls
 d - 12 scrolls of remove curse
 q - a scroll of fog {unknown}
 x - 2 scrolls of enchant armour {unknown}
 F - 3 scrolls of fear
 G - 3 scrolls of recharging
 O - 3 scrolls of teleportation
 W - a scroll of holy word {unknown}
 Y - 4 scrolls of magic mapping {unknown}
 Z - a scroll of summoning {unknown}
Potions
 i - 8 potions of flight
 l - 2 potions of heal wounds
 p - 2 potions of ambrosia
 s - 2 potions of resistance
 A - a potion of magic
 B - a potion of curing
 N - a potion of agility {unknown}
 Q - a potion of haste
 X - 2 potions of invisibility
Comestibles
 f - 17 bread rations
 n - 14 meat rations
 M - 10 royal jellies
 P - 10 fruits


   Skills:
 + Level 15.9 Fighting
 + Level 16.7 Long Blades
 + Level 9.9 Maces & Flails
   Level 1.7 Polearms
 + Level 16.5 Armour
 + Level 6.1 Dodging
 + Level 2.6 Stealth
 + Level 15.1 Shields
 + Level 1.0 Unarmed Combat
 + Level 2.5 Invocations
 + Level 1.5 Evocations


You had 15 spell levels left.
You didn't know any spells.

Dungeon Overview and Level Annotations

Branches:
Dungeon (15/15)            Temple (1/1) D:7            Lair (6/6) D:9
 Shoals (0/4) Lair:4        Snake (1/4) Lair:4        Slime (0/5) Lair:5
    Orc (2/2) D:11            Elf (0/3) Orc:2        Vaults (0/5) D:13
 Depths (0/5) D:15

Altars:
Dithmenos
Fedhas
Gozag
Hepliaklqana
Kikubaaqudgha
Makhleb
Nemelex Xobeh
Okawaru
Qazlal
Ru
Trog
Uskayaw
Vehumet
Xom
Yredelemnul
The Shining One
Beogh
Jiyva

Shops:
D:9 }   D:13 ?==(   Orc:2 [(*=

Annotations:
D:12 exclusion: orange crystal statue
Snake:1 exclusion: Roxanne, Roxanne


Innate Abilities, Weirdness & Mutations

You reflexively headbutt those who attack you in melee.
You have a pair of horns on your head.


Message History

You slash the shock serpent! Your headbutt misses the shock serpent.
The shock serpent is moderately wounded.
The shock serpent's electric aura discharges, shocking you!
* * * LOW HITPOINT WARNING * * *
The shock serpent barely misses you.
A black mamba comes into view.
You slash the shock serpent! You headbutt the shock serpent!
The shock serpent is severely wounded.
The shock serpent's electric aura discharges, shocking you!
You block the shock serpent's attack.
Unknown command.
You closely miss the shock serpent. You headbutt the shock serpent.
The shock serpent is severely wounded.
The black mamba bites you.
* * * LOW HITPOINT WARNING * * *
The shock serpent shoots out a bolt of lightning at you!
The bolt of electricity hits you!
* * * LOW HITPOINT WARNING * * *
The bolt of electricity hits you!
You die...

.........#....
##.###........(
.#.#.....###...#
#####(.....###.#
.#..###.####.#.#
##.............#
#.....#.......####
......##......#..##.#
.......#..)##.#.@S..#
.......###.[.....S#...#
#.#...##...#......# .#
..##.##..####.....#
...#........#.....#
...##.......#...#.#
<...#.......###.#...
....###.....# ......#
#.....##..#.# ......


You could see a shock serpent and a black mamba.

Vanquished Creatures
  Asterion (Snake:1)
  Rupert (D:12)
  Kirke (Lair:3)
  An orc warlord (Orc:2)
  A stone giant (Orc:2)
  The ghost of Goboxel the Fighter, a journeyman HOFi of the Shining One (D:14)
  An ettin (Orc:2)
  A fire dragon (D:15)
  Josephine (Lair:4)
  Fannar (Lair:2)
  Harold (D:12)
  2 ice dragons (IceCv)
  2 catoblepae
  2 naga warriors (Snake:1)
  A vault guard (D:12)
  5 hydras
  5 centaur warriors
  An anaconda (Snake:1)
  An ogre mage (D:15)
  12 death yaks (Lair:6)
  2 tengu warriors
  A deep troll shaman (Lair:6)
  Urug (D:9)
  An orc high priest (Orc:2)
  3 skeletal warriors (D:13)
  2 unseen horrors
  3 wizards
  4 hill giants
  A wolf spider zombie (D:15)
  2 lindwurms
  A mana viper (Snake:1)
  2 necromancers
  5 orc knights
  4 deep elf magi
  10 orc sorcerers
  6 ugly things
  4 oklob plants (Lair:5)
  5 cyclopes
  A manticore (D:13)
  6 elephants
  4 black mambas
  A siren (Lair:4)
  Maurice (D:8)
  3 torpor snails
  A guardian serpent (Snake:1)
  2 ice statues (IceCv)
  4 rime drakes
  6 centaur skeletons
  7 spiny frogs
  2 gargoyles
  3 komodo dragons
  A redback zombie (D:15)
  A tengu conjurer (D:12)
  2 kobold demonologists
  A queen bee (Lair:5)
  The ghost of McKennaii the Slasher, an amateur DrBe of Trog (D:4)
  3 meliai (Lair:5)
  4 polar bears
  12 trolls
  Grinder (D:3)
  A hornet (D:9)
  5 two-headed ogres
  15 slime creatures
  14 blink frogs
  3 dream sheep (Lair:3)
  Sigmund (D:5)
  13 hippogriffs
  A tarantella (shapeshifter) (D:15)
  A spriggan (D:9)
  3 shadows
  4 wraiths
  39 yaks
  4 wyverns
  20 humans
  3 hogs
  4 basilisks
  3 hungry ghosts
  10 vampire mosquitoes
  3 nagas (Lair:4)
  2 mottled dragons
  12 water moccasins
  2 wargs
  12 porcupines
  20 ice beasts
  3 sky beasts
  4 black bears
  15 ogres
  5 necrophages
  27 orc warriors
  A phantom (D:10)
  6 wolves
  15 centaurs
  20 crocodiles
  3 big kobolds
  17 bullfrogs
  5 scorpions
  A water moccasin skeleton (D:12)
  40 killer bees
  2 electric eels
  2 howler monkeys (D:12)
  2 bullfrog zombies
  7 crimson imps
  4 hounds
  A quasit (D:11)
  9 centaur zombies
  23 orc priests
  A gnoll shaman (D:6)
  4 jellies
  29 orc wizards
  4 iguanas
  A hell rat (Lair:5)
  20 worker ants
  A hound zombie (D:9)
  3 hound skeletons
  2 howler monkey zombies (D:9)
  2 worker ant zombies
  12 gnolls
  A howler monkey skeleton (D:9)
  12 adders
  6 shadow imps
  An adder zombie (D:5)
  3 oozes
  5 worms
  2 dart slugs
  4 leopard geckos
  62 orcs
  5 bats
  6 giant cockroaches
  12 goblins
  6 hobgoblins
  16 jackals
  30 kobolds
  6 quokkas
  2 ball pythons
  A ball python skeleton (D:4)
  6 frilled lizards
  2 leopard gecko skeletons (D:4)
  A leopard gecko zombie (D:7)
  7 rats
  A fungus (Lair:2)
  2 plants
851 creatures vanquished.

Vanquished Creatures (others)
  A human (Lair:4)
  7 fungi
  A plant (Lair:5)
9 creatures vanquished.

Grand Total: 860 creatures vanquished

Notes
Turn   | Place    | Note
-------+----------+-------------------------------------------
     0 | D:1      | Peloso the Minotaur Fighter began the quest for the Orb.
     0 | D:1      | Reached XP level 1. HP: 19/19 MP: 0/0
    69 | D:1      | Reached XP level 2. HP: 18/27 MP: 1/1
   685 | D:1      | Reached XP level 3. HP: 33/33 MP: 2/2
   916 | D:2      | Found a sparkling altar of Nemelex Xobeh.
   990 | D:2      | Found a hazy altar of Hepliaklqana.
  1889 | D:3      | Reached XP level 4. HP: 39/40 MP: 3/3
  2003 | D:3      | Reached skill level 1 in Dodging
  2112 | D:3      | Noticed Grinder
  2116 | D:3      | Paralysed by Grinder for 5 turns
  2131 | D:3      | Killed Grinder
  2131 | D:3      | Reached skill level 5 in Shields
  2131 | D:3      | Reached XP level 5. HP: 26/47 MP: 4/4
  2131 | D:3      | Reached XP level 6. HP: 29/53 MP: 5/5
  2755 | D:4      | Noticed McKennaii's ghost (amateur DrBe)
  2762 | D:4      | Reached skill level 5 in Long Blades
  2762 | D:4      | Reached skill level 5 in Armour
  2773 | D:4      | Killed McKennaii's ghost
  2773 | D:4      | Reached skill level 1 in Stealth
  2773 | D:4      | Reached XP level 7. HP: 28/60 MP: 6/6
  3574 | D:5      | Entered Level 5 of the Dungeon
  3574 | D:5      | Noticed Sigmund
  3852 | D:5      | Reached skill level 5 in Fighting
  3864 | D:5      | Reached skill level 1 in Polearms
  3912 | D:5      | HP: 1/61 [worker ant (3)]
  3935 | D:4      | HP: 3/61 [poisoned by a worker ant]
  4350 | D:5      | Reached XP level 8. HP: 61/68 MP: 7/7
  4694 | D:5      | Killed Sigmund
  4810 | D:5      | You fall through a shaft for 3 floors!
  4903 | D:7      | Noticed a hippogriff
  4913 | D:6      | Killed a hippogriff
  4953 | D:7      | Got a smoking cloak
  4959 | D:7      | Identified the -1 cloak of the Kettle-Drum {rElec} (You found it on level 7 of the Dungeon)
  5002 | D:6      | Reached XP level 9. HP: 64/73 MP: 8/8
  5139 | D:6      | Found a bloodstained altar of Trog.
  5335 | D:5      | Found a glowing golden altar of the Shining One.
  6498 | D:7      | Found a staircase to the Ecumenical Temple.
  6511 | Temple   | Entered the Ecumenical Temple
  6655 | Temple   | Became a worshipper of Warmaster Okawaru
  6830 | D:7      | Found a stormy altar of Qazlal.
  7073 | D:8      | Reached skill level 10 in Long Blades
  7372 | D:8      | Noticed Maurice
  7379 | D:8      | Killed Maurice
  7379 | D:8      | Reached * piety under Okawaru
  7379 | D:8      | Reached XP level 10. HP: 82/82 MP: 9/9
  7581 | D:8      | Found a shimmering altar of Xom.
  7582 | D:8      | Found a burning altar of Makhleb.
  7937 | D:9      | Found a staircase to the Lair.
  8057 | D:9      | Found Suvohool's Gadget Shoppe.
  8093 | D:9      | Reached ** piety under Okawaru
  8140 | D:9      | Found a basalt altar of Yredelemnul.
  8255 | D:9      | Got a sapphire whip
  8256 | D:9      | Identified the +5 whip "Xulutrun" {slash, rElec} (You found it on level 9 of the Dungeon)
  8464 | D:9      | Reached skill level 1 in Evocations
  8623 | D:9      | Noticed a centaur warrior
  8637 | D:9      | Killed a centaur warrior
  8692 | D:10     | Entered Level 10 of the Dungeon
  8715 | D:10     | Reached *** piety under Okawaru
  8838 | D:10     | Noticed Urug
  9245 | D:9      | Killed Urug
  9245 | D:9      | Reached **** piety under Okawaru
  9245 | D:9      | Reached skill level 10 in Armour
  9245 | D:9      | Reached skill level 10 in Shields
  9660 | D:10     | Reached XP level 11. HP: 88/92 MP: 10/10
 10449 | D:10     | Reached ***** piety under Okawaru
 10690 | D:10     | Killed an unseen horror
 11033 | D:11     | Found a staircase to the Orcish Mines.
 11243 | D:12     | Noticed Harold
 11246 | D:12     | Received a gift from Okawaru
 11283 | D:12     | Killed Harold
 11683 | D:12     | Noticed a hill giant
 11703 | D:12     | Killed a hill giant
 11970 | D:12     | Noticed an orange crystal statue
 12197 | D:12     | Noticed a hill giant
 12219 | D:12     | Killed a hill giant
 12219 | D:12     | Reached skill level 1 in Invocations
 12382 | D:12     | Reached XP level 12. HP: 85/105 MP: 11/11
 12680 | D:13     | Found Etrezuwn's Magic Scroll Emporium.
 12691 | D:13     | Bought a scroll of teleportation for 51 gold pieces
 12712 | D:13     | Bought a scroll of identify for 34 gold pieces
 12715 | D:13     | Bought a scroll of identify for 34 gold pieces
 12715 | D:13     | Bought a scroll of identify for 34 gold pieces
 12755 | D:13     | Found Teumep's Jewellery Shoppe.
 13142 | D:13     | Reached skill level 10 in Fighting
 13155 | D:13     | Noticed a vault guard
 13387 | D:12     | Killed a vault guard
 13387 | D:12     | Received a gift from Okawaru
 13395 | D:12     | Got a translucent morningstar {god gift}
 13513 | D:13     | Identified the +8 morningstar of Governance {flame, rC+ Str+2 Int+5 Stlth+} (Okawaru gifted it to you on level 12 of the Dungeon)
 13517 | D:13     | Found Moqeh's Jewellery Shoppe.
 13757 | D:13     | Noticed a centaur warrior
 13762 | D:13     | Noticed Rupert
 14229 | D:12     | HP: 1/108 [Rupert/executioner's axe of venom (30)]
 14241 | D:12     | HP: 5/108 [Rupert/executioner's axe of venom (10)]
 14248 | D:12     | Killed Rupert
 14248 | D:12     | Received a gift from Okawaru
 14248 | D:12     | Reached skill level 1 in Maces & Flails
 14262 | D:12     | HP: 5/108 [poisoned by Rupert]
 14268 | D:12     | HP: 4/108 [poisoned by Rupert]
 14274 | D:12     | HP: 4/108 [poisoned by Rupert]
 14282 | D:12     | HP: 4/108 [poisoned by Rupert]
 14286 | D:12     | Got a slimy spear {god gift}
 14543 | D:12     | Identified the +1 spear "Nustru Hotua" {flame, *Corrode rElec Str+7} (Okawaru gifted it to you on level 12 of the Dungeon)
 14844 | D:13     | Found Ibottumunt's Weapon Boutique.
 15046 | D:13     | Reached XP level 13. HP: 102/116 MP: 13/13
 15299 | D:13     | Found a gate to the Vaults.
 15535 | Lair:1   | Entered Level 1 of the Lair of Beasts
 16491 | Lair:2   | Noticed Fannar
 16507 | Lair:2   | Killed Fannar
 16536 | Lair:2   | Reached skill level 5 in Dodging
 16588 | Lair:2   | Found a hide-covered altar of Uskayaw.
 17033 | Lair:2   | Received a gift from Okawaru
 17713 | Lair:3   | Reached ****** piety under Okawaru
 19419 | Lair:4   | Noticed Kirke
 19430 | Lair:4   | Found a staircase to the Snake Pit.
 20071 | Lair:3   | Killed Kirke
 20071 | Lair:3   | Received a gift from Okawaru
 20175 | Lair:4   | Reached skill level 5 in Maces & Flails
 20212 | Lair:4   | Noticed Josephine
 20229 | Lair:4   | Killed Josephine
 20461 | Lair:4   | Found a staircase to the Shoals.
 20763 | Lair:4   | Reached skill level 1 in Unarmed Combat
 20994 | Lair:5   | Received a gift from Okawaru
 21007 | Lair:5   | Reached XP level 14. HP: 53/127 MP: 14/14
 21014 | Lair:5   | Reached skill level 15 in Long Blades
 21487 | Lair:5   | HP: 5/127 [rime drake (4)]
 22388 | Lair:5   | Received a gift from Okawaru
 22529 | Lair:5   | Found a runed door.
 22529 | Lair:5   | Found a viscous altar of Jiyva.
 22529 | Lair:5   | Found a staircase to the Slime Pits.
 23519 | D:12     | Reached skill level 15 in Armour
 23576 | D:13     | Bought the ring "Hutoucez" {Str+4 Int+8 Slay+3} for 951 gold pieces
 24613 | D:13     | Received a gift from Okawaru
 25100 | D:14     | Noticed Goboxel's ghost (journeyman HOFi)
 25116 | D:14     | Killed Goboxel's ghost
 25268 | D:15     | Entered Level 15 of the Dungeon
 25997 | D:15     | Reached XP level 15. HP: 93/138 MP: 12/15
 26143 | D:15     | Found a staircase to the Depths.
 26252 | D:15     | Received a gift from Okawaru
 26778 | D:15     | Found a glowing golden altar of the Shining One.
 27026 | Lair:6   | Entered Level 6 of the Lair of Beasts
 27026 | Lair:6   | Found a frozen archway.
 27094 | IceCv    | Entered an ice cave
 27761 | Lair:6   | Received a gift from Okawaru
 28298 | Lair:6   | Reached skill level 15 in Fighting
 29768 | Orc:1    | Entered Level 1 of the Orcish Mines
 29884 | Orc:1    | Received a gift from Okawaru
 29890 | Orc:1    | Got a twisted troll leather armour {god gift}
 30217 | Orc:1    | Identified the +0 troll leather armour "Deop" {rN+ Regen+ SInv} (Okawaru gifted it to you on level 1 of the Orcish Mines)
 30240 | Orc:2    | Entered Level 2 of the Orcish Mines
 30265 | Orc:2    | Found Moisal's Book Emporium.
 30470 | Orc:2    | Found a bloodstained altar of Trog.
 30580 | Orc:2    | Reached XP level 16. HP: 100/149 MP: 16/16
 30925 | Orc:2    | Reached skill level 15 in Shields
 31122 | Orc:2    | Found a roughly hewn altar of Beogh.
 31125 | Orc:2    | Found Egoriump's Antique Armour Boutique.
 31387 | Orc:2    | Found Bain's Antique Weapon Boutique.
 31403 | Orc:2    | Found Ekho Cil's Jewellery Boutique.
 31419 | Orc:2    | Found Poklax Isou's General Store.
 31428 | Orc:2    | Bought a scroll of acquirement for 676 gold pieces
 31654 | Orc:2    | Found a staircase to the Elven Halls.
 32191 | Snake:1  | Entered Level 1 of the Snake Pit
 32228 | Snake:1  | Noticed Roxanne
 32760 | Snake:1  | Noticed Asterion
 32783 | Snake:1  | Killed Asterion
 32820 | Snake:1  | HP: 7/151 [shock serpent/bolt of electricity (17)]
 32820 | Snake:1  | Killed from afar by a shock serpent

Skill      XL: |  1  2  3  4  5  6  7  8  9 10 11 12 13 14 15 16 |
---------------+-------------------------------------------------+-----
Fighting       | 4 5 6 8 9 11 12 14 15 | 15.9
Long Blades    | 3 4 5 6 7 10 11 13 14 15 16 | 16.7
Shields        | 4 5 6 7 8 10 11 12 13 14 15 | 15.1
Armour         | 4 5 7 8 10 11 13 14 15 16 | 16.5
Dodging        | 2 3 4 5 6 |  6.1
Stealth        | 1 2 |  2.6
Polearms       | 1 |  1.7
Evocations     | 1 |  1.5
Invocations    | 1 2 |  2.5
Maces & Flails | 2 5 8 9 |  9.9
Unarmed Combat | 1 |  1.0

Action                   |  1- 3 |  4- 6 |  7- 9 | 10-12 | 13-15 | 16-18 || total
-------------------------+-------+-------+-------+-------+-------+-------++-------
Melee: Long sword        |   122 |    92 |   102 |       |       |       ||   316
       Headbutt          |    19 |    13 |    82 |   279 |   538 |    54 ||   985
       Trident           |       |       |    84 |       |       |       ||    84
       Falchion          |       |       |   211 |   898 |  1031 |       ||  2140
       Morningstar       |       |       |       |    19 |   240 |       ||   259
       Unarmed           |       |       |       |       |     4 |       ||     4
       Demon blade       |       |       |       |       |   354 |   166 ||   520
Invok: Heroism           |       |       |       |    16 |    13 |     3 ||    32
Evoke: Wand              |       |       |     4 |       |     9 |       ||    13
  Use: Potion            |       |     1 |     2 |     8 |     2 |       ||    13
       Scroll            |       |       |    10 |    10 |    11 |     3 ||    34
  Eat: Chunk             |     3 |     3 |    17 |    23 |    39 |     5 ||    90
       Fruit             |       |       |       |     2 |       |       ||     2
       Pizza             |       |       |       |     1 |     4 |     1 ||     6
       Royal jelly       |       |       |       |       |     2 |       ||     2
       Beef jerky        |       |       |       |       |     1 |       ||     1
Armor: Scale mail        |    77 |    37 |    63 |       |       |       ||   177
       Plate armour      |       |       |    42 |   364 |   893 |    59 ||  1358
       Chain mail        |       |       |    27 |       |       |       ||    27
Dodge: Dodged            |    49 |    37 |    95 |   233 |   684 |    65 ||  1163
Block: Shield            |    87 |    48 |   187 |   240 |       |       ||   562
       Buckler           |       |       |       |   125 |   505 |    46 ||   676
       Rpst.: Long sword |    20 |    11 |     4 |       |       |       ||    35
       Falchion          |       |       |    11 |    59 |    92 |       ||   162
       Demon blade       |       |       |       |       |    26 |    14 ||    40
